 Dungeon Crawl Stone Soup version 0.15.2 (webtiles) character file.

9784 magipi the Cleaver (level 11, -3/60 HPs)
             Began as a Vine Stalker Berserker on Sept 17, 2015.
             Was the Champion of Trog.
             Killed from afar by Erica (14 damage)
             ... with an orb of energy
             ... on Level 2 of the Orcish Mines.
             The game lasted 00:58:51 (7609 turns).

magipi the Cleaver (Vine Stalker Berserker)         Turns: 7609, Time: 00:58:51

HP  -3/60        AC 18     Str 19      XL: 11   Next: 51%
MP   0/15        EV  5     Int  7      God: Trog [******]
Gold 832         SH  0     Dex 18      Spells:  0 memorised, 10 levels left

rFire  . . .     SeeInvis .     a - +0 war axe
rCold  . . .     Clarity  .     j - +0 plate armour
rNeg   . . .     rCorr    .     (no shield)
rPois  .         rRot     +     y - +0 helmet
rElec  .         Spirit   +     v - +0 cloak
SustAb .         Warding  .     R - +2 pair of gloves
rMut   .         Stasis   .     (no boots)
Gourm  .                        (no amulet)
MR     +....                    (no ring)
                                (no ring)

@: exhausted, slowed, very slow, somewhat resistant to hostile enchantments,
extremely unstealthy
A: fangs 3, regeneration 2, magic shield, antimagic bite, no device heal 3, rot
immunity
a: Burn Spellbooks, Berserk, Trog's Hand, Brothers in Arms, Renounce Religion


You were on level 2 of the Orcish Mines.
You worshipped Trog.
Trog was exalted by your worship.
You were very hungry.

You visited 3 branches of the dungeon, and saw 14 of its levels.
You also visited: Sewer and Bailey.

You collected 832 gold pieces.

Inventory:

Hand weapons
 a - a +0 war axe (weapon)
 b - a +0 blowgun
Missiles
 i - 43 poisoned needles
 x - 20 tomahawks of returning (quivered)
 L - 3 throwing nets
Armour
 j - a +0 plate armour (worn)
 v - a +0 cloak (worn)
 y - a +0 helmet (worn)
 C - the +0 pair of gloves "Chetyat" {rElec Str+1}
   (You found it on level 6 of the Dungeon)

   It affects your strength (+1).
   It insulates you from electricity.
 G - a +0 ring mail of cold resistance
 R - a +2 pair of gloves (worn)
Magical devices
 O - a wand of disintegration (15)
 Q - a wand of draining (9)
Comestibles
 c - 9 bread rations
 k - 8 meat rations
 K - 10 fruits
Scrolls
 e - a scroll of fog
 q - a scroll of blinking
 u - 2 scrolls of immolation
 w - 8 scrolls of teleportation
 A - 3 scrolls of fear {unknown}
 E - a scroll of noise {unknown}
 F - 4 scrolls of remove curse
 I - a scroll of enchant weapon {unknown}
 J - 2 scrolls of recharging
 M - a scroll of magic mapping
Potions
 d - 12 potions of curing
 f - 3 potions of agility
 g - 2 potions of might
 l - a potion of lignification
 m - 2 potions of brilliance
 o - 2 potions of cure mutation
 p - 2 potions of flight
 s - 2 potions of porridge
 z - 3 potions of restore abilities
 B - 3 potions of haste
 D - 2 potions of magic
 H - a potion of cancellation {unknown}
Books
 h - a book of Envenomations

   Spells                             Type                      Level
   Spider Form                        Transmutation/Poison         3
   Alistair's Intoxication            Transmutation/Poison         4
   Olgreb's Toxic Radiance            Poison                       4
   Poisonous Cloud                    Conjuration/Poison/Air       6
   Trog disapproves of the use of such an item.
 n - a book of Transfigurations

   Spells                             Type                      Level
   Stoneskin                          Transmutation/Earth          2
   Ice Form                           Ice/Transmutation            4
   Statue Form                        Transmutation/Earth          6
   Dragon Form                        Transmutation                7
   Trog disapproves of the use of such an item.


   Skills:
 + Level 7.8 Fighting
 - Level 12.6 Axes
 + Level 6.7 Armour
 - Level 1.5 Dodging


You had 10 spell levels left.
You didn't know any spells.

Dungeon Overview and Level Annotations

Branches:
Dungeon (11/15)            Temple (1/1) D:6             Orc (2/4) D:11
   Lair: D:8-11

Altars:
Ashenzari
Cheibriados
Dithmenos
Elyvilon
Fedhas
Kikubaaqudgha
Makhleb
Nemelex Xobeh
Okawaru
Qazlal
Sif Muna
Trog
Vehumet
Xom
Yredelemnul
Zin
The Shining One

Shops:
D:5 %

Annotations:
D:1 stasis
Orc:2 Erica


Innate Abilities, Weirdness & Mutations

You have razor-sharp teeth.
You heal very quickly.
When hurt, damage is shared between your health and your magic reserves.
Your bite disrupts and absorbs the magic of your enemies.
Potions and wands cannot restore your health.
You are immune to rotting.

Vault maps used:
D:1:      lemuel_arrival_behind_the_door_small, st_stairs_9, minivault_24,
          baited_tele_trap
D:3:      old_standard_altar, elyvilon_altar_4, minivault_5, grunt_ministairs_9
D:4:      first_bread, kennysheep_flooded_box, eino_curves_04,
          cheibrodos_ashenzari_chains, uniq_pikel
D:5:      minmay_goblin_kobold_castle, basic_altar, gup_sewer_entry_glass,
          serial_shops, shop, minmay_item_behind_shaft
D:6:      minmay_temple_entry_junction, minmay_misc_feat_more_columns,
          minivault_14
D:7:      gammafunk_temple_overflow_forgotten, enter_bailey_3,
          corexii_leaking_fountain
D:8:      lair_0_dummy, uniq_maurice
D:10:     grunt_tengu_nest
D:11:     orc_0_dummy, minivault_27
Temple:   minmay_freezing_vapour_temple_12
Orc:1:    david_defended_altar_orc
Orc:2:    uniq_erica, uniq_grum, uniq_joseph
Sewer:    sewer_kobolds
Bailey:   bailey_axe_2, bailey


Message History

Grum hits you but does no damage. The orc hits you but does no damage.
The wolf bites you but does no damage.
You hear some strange, mumbled words.
Something tries to affect you, but you resist.
You are too injured to fight recklessly!
Unknown command.
You are too injured to fight recklessly!
Unknown command.
Your plate armour prevents you from hitting the wolf.
The wolf is almost dead.
You slash the orc!
You kill the orc!
Trog accepts your kill.
You slash the orc!
You kill the orc!
Trog accepts your kill.
Your plate armour prevents you from hitting the orc priest.
You bite the orc priest! You drain its power.
You feel invigorated.
You kill the orc priest!
Trog accepts your kill.
You slash something! The wolf bites you but does no damage.
Grum hits you but does no damage. The orc hits you but does no damage.
You barely miss something.
Your plate armour prevents you from hitting the wolf.
Your bite misses the wolf.
The wolf is almost dead.
The wolf barely misses you.
Something tries to affect you, but you resist.
A puff of flame appears from out of thin air!
The puff of flame misses you. Grum hits you from afar with a spear!
You slash the orc!
You kill the orc!
Trog accepts your kill.
You slash the wolf!
You kill the wolf!
Trog accepts your kill.
You closely miss something. The orc hits you but does no damage.
You are no longer berserk.
Trog's vigour flows through your veins.
You are exhausted.
You feel as though you will be slow longer.
You are feeling very hungry.
Grum barely misses you.
You hear some strange, mumbled words.
A puff of flame appears from out of thin air!
The puff of flame hits you!
Something tries to affect you, but you resist.
You see here a wolf corpse.
You hit Grum but do no damage. You bite Grum. You drain his power.
You feel invigorated.
Grum is lightly wounded.
Grum zaps a wand.
The magic dart hits you!
You hear a zap.
Something tries to affect you, but you resist.
The orc barely misses you.
Grum zaps a wand.
The magic dart hits you! Something hits you.
You slash Grum! You bite Grum! You drain his power.
You feel invigorated.
Grum is severely wounded.
You completely miss something.
The orc hits you from afar with a glowing trident.
Grum zaps a wand.
The magic dart hits you!
You hear a zap.
Something tries to affect you, but you resist.
The magic dart hits you!
* * * LOW HITPOINT WARNING * * *
You slash something! Trog accepts your kill.
Trog appreciates your killing of a magic user.
Reactivating autopickup.
You feel a bit more experienced.
You hit Grum.
Grum is severely wounded.
You closely miss something. The orc hits you but does no damage.
Grum hits you but does no damage.
You hear a zap.
Deactivating autopickup; reactivate with Ctrl-A.
Something tries to affect you, but you resist.
The orc barely misses you.
You hit something. You slash Grum!
You kill Grum!
Trog accepts your kill.
You hear a zap.
Something tries to affect you, but you resist.
The orc hits you but does no damage. Something hits you!
* * * LOW HITPOINT WARNING * * *
Something burns you.
* * * LOW HITPOINT WARNING * * *
The orc hits you but does no damage. Something hits you.
* * * LOW HITPOINT WARNING * * *
Something burns you.
* * * LOW HITPOINT WARNING * * *
You closely miss something. You hit the orc but do no damage. You bite the orc!
You drain its power.
You feel invigorated.
You kill the orc!
Trog accepts your kill.
You hear a zap.
Something tries to affect you, but you resist.
Unknown command.
An orc comes into view. It is wielding a hand axe.
The orc shouts!
You hear some strange, mumbled words.
The orb of energy hits you!
You die...

#....# .....##
#.....#
##.....##
#.......#
###..)....#
##.%.%.....#
##.#....)....##
#.....@))....#
##...$..><...#
#.............#
#...#.........##
#..#..........#
. ...........#
..o$.........
#..........##
......###


You could see an orc.

Table legend:
 A = Kills in this place as a percentage of kills in entire the game.
 B = Kills by you in this place as a percentage of kills by you in the entire game.
 C = Kills by friends in this place as a percentage of kills by friends in the entire game.
 D = Other kills in this place as a percentage of other kills in the entire game.
 E = Experience gained in this place as a percentage of experience gained in the entire game.
 F = Experience gained in this place divided by the number of levels of this place that you have seen.
                   A       B       C       D       E      F
               +-------+-------+-------+-------+-------+----------------------
         Total | 100.0 | 100.0 | 100.0 |  -nan | 100.0 | 873.6
       Dungeon |  78.4 |  79.2 |   0.0 |  -nan |  85.7 | 1089.1
  Orcish Mines |  10.4 |  10.5 |   0.0 |  -nan |  11.1 | 778.5
         Sewer |   1.9 |   1.9 |   0.0 |  -nan |   0.9 | 129.0
        Bailey |   9.3 |   8.3 | 100.0 |  -nan |   2.2 | 312.0
               +-------+-------+-------+-------+-------+----------------------

Vanquished Creatures
  2 hill giants (D:10)
  Pikel (D:4)
  Maurice (D:8)
  A tengu conjurer (D:10)
  2 trolls (D:11)
  2 ravens (D:10)
  8 yaks
  2 wyverns
  A hungry ghost (D:11)
  Grum (Orc:2)
  A hippogriff (D:10)
  A water moccasin (D:9)
  4 wolves (Orc:2)
  2 black bears
  An ice beast (D:7)
  5 orc warriors
  A centaur (D:10)
  7 ogres
  3 sky beasts
  A crocodile (D:11)
  A necrophage (D:7)
  3 giant frogs
  9 big kobolds
  2 scorpions
  An electric eel (D:6)
  A troll zombie (D:11)
  A killer bee (D:9)
  5 wights (D:9)
  2 goliath beetles (D:6)
  2 crimson imps
  A jelly (D:10)
  3 hounds
  8 orc priests
  5 worker ants
  A two-headed ogre skeleton (D:10)
  5 orc wizards
  4 iguanas
  11 adders
  17 gnolls
  2 green rats (Sewer)
  A giant mite (D:5)
  2 shadow imps
  4 worms
  An iguana skeleton (D:5)
  An adder zombie (D:5)
  6 giant geckos
  43 orcs
  A ball python (D:3)
  6 giant cockroaches
  21 goblins
  25 hobgoblins
  10 jackals
  75 kobolds
  4 quokkas
  7 bats
  A giant gecko zombie (D:5)
  4 giant newts
  A giant spore (D:9)
  A goblin skeleton (D:4)
  A goblin zombie (D:5)
  A hobgoblin zombie (D:7)
  A kobold zombie (D:8)
  13 rats
  A ballistomycete (D:9)
362 creatures vanquished.

Vanquished Creatures (collateral kills)
  An orc warrior (Bailey)
  A gnoll (Bailey)
  2 kobolds (Bailey)
4 creatures vanquished.

Vanquished Creatures (others)
  A rat (D:4)
1 creature vanquished.

Grand Total: 367 creatures vanquished

Notes
Turn   | Place    | Note
--------------------------------------------------------------
     0 | D:1      | magipi, the Vine Stalker Berserker, began the quest for the Orb.
     0 | D:1      | Reached XP level 1. HP: 11/11 MP: 1/1
    93 | D:1      | Reached skill level 3 in Axes
   152 | D:1      | Reached XP level 2. HP: 8/16 MP: 3/3
   347 | D:1      | Acquired Trog's second power
   635 | D:2      | Reached XP level 3. HP: 19/19 MP: 4/4
   761 | D:2      | Reached skill level 4 in Axes
   993 | D:3      | Reached XP level 4. HP: 15/23 MP: 5/5
  1017 | D:3      | Found a white marble altar of Elyvilon.
  1135 | D:3      | Found a glowing silver altar of Zin.
  1270 | D:3      | Reached skill level 5 in Axes
  1328 | D:3      | Reached XP level 5. HP: 23/27 MP: 5/7
  1509 | D:4      | Found a shattered altar of Ashenzari.
  1679 | D:4      | Noticed Pikel
  1679 | D:4      | Noticed a slave
  1679 | D:4      | Noticed a slave
  1680 | D:4      | Noticed a slave
  1694 | D:4      | Killed Pikel
  1694 | D:4      | Reached skill level 7 in Axes
  1694 | D:4      | Gained mutation: You heal very quickly. [vine stalker growth]
  1694 | D:4      | Reached XP level 6. HP: 32/32 MP: 6/8
  1694 | D:4      | Reached XP level 7. HP: 35/35 MP: 6/9
  1704 | D:4      | Noticed a freed slave
  2152 | D:5      | Entered Level 5 of the Dungeon
  2178 | D:5      | Reached skill level 8 in Axes
  2244 | D:5      | Found a glowing golden altar of the Shining One.
  2272 | D:5      | Found a glowing drain.
  2338 | Sewer    | Entered a sewer
  2348 | Sewer    | Gained mutation: You have razor-sharp teeth. [vine stalker growth]
  2348 | Sewer    | Reached XP level 8. HP: 26/39 MP: 8/11
  2402 | Sewer    | Acquired Trog's third power
  2430 | Sewer    | Found a white marble altar of Elyvilon.
  2548 | D:5      | Reached skill level 9 in Axes
  2637 | D:5      | Found Struism's Food Shop.
  3034 | D:5      | Reached skill level 10 in Axes
  3221 | D:5      | Reached XP level 9. HP: 43/43 MP: 12/12
  3648 | D:6      | Found a staircase to the Ecumenical Temple.
  3694 | Temple   | Entered the Ecumenical Temple
  3757 | D:6      | Got a pair of faintly humming gloves
  3768 | D:6      | Identified the +0 pair of gloves "Chetyat" {rElec Str+1} (You found it on level 6 of the Dungeon)
  3955 | D:7      | Reached skill level 11 in Axes
  4037 | D:7      | Found a flagged portal.
  4061 | Bailey   | Entered a bailey
  4067 | Bailey   | Received a gift from Trog
  4214 | Bailey   | Received a gift from Trog
  4546 | D:7      | Found a sparkling altar of Nemelex Xobeh.
  4546 | D:7      | Found a shadowy altar of Dithmenos.
  4546 | D:7      | Found an iron altar of Okawaru.
  4614 | D:8      | Noticed Maurice
  4643 | D:8      | Reached skill level 12 in Axes
  5491 | D:8      | Killed Maurice
  5491 | D:8      | Reached XP level 10. HP: 47/47 MP: 13/13
  6150 | D:9      | Received a gift from Trog
  6161 | D:9      | Identified a -3 rod of inaccuracy (9/9) (You found it on level 9 of the Dungeon)
  6384 | D:10     | Entered Level 10 of the Dungeon
  6384 | D:10     | Noticed a hill giant
  6392 | D:10     | Killed a hill giant
  6392 | D:10     | Reached skill level 5 in Fighting
  6599 | D:10     | Reached skill level 5 in Armour
  6621 | D:10     | Noticed a hill giant
  6628 | D:10     | Killed a hill giant
  6628 | D:10     | Reached XP level 11. HP: 58/58 MP: 15/15
  7054 | D:11     | Received a gift from Trog
  7326 | D:11     | Found a staircase to the Orcish Mines.
  7368 | Orc:1    | Entered Level 1 of the Orcish Mines
  7585 | Orc:2    | Noticed Erica
  7585 | Orc:2    | Noticed Grum
  7606 | Orc:2    | Killed Grum
  7609 | Orc:2    | Killed from afar by Erica

Action                   |  1- 3 |  4- 6 |  7- 9 | 10-12 || total
-------------------------+-------+-------+-------+-------++-------
Melee: Hand axe          |    84 |    84 |       |       ||   168
       War axe           |       |       |   427 |   273 ||   700
 Fire: Blowgun           |       |       |    15 |       ||    15
Throw: Tomahawk          |       |       |       |     1 ||     1
Invok: Berserk           |     1 |     2 |     7 |    10 ||    20
       Brothers in Arms  |       |       |     1 |       ||     1
Evoke: Wand              |       |       |     1 |     3 ||     4
  Use: Scroll            |       |       |    20 |     4 ||    24
  Eat: Chunk             |     1 |     1 |    10 |     2 ||    14
       Royal jelly       |       |     1 |     1 |       ||     2
       Beef jerky        |       |     1 |     1 |     1 ||     3
       Meat ration       |       |       |     1 |       ||     1
       Fruit             |       |       |       |     9 ||     9
       Bread ration      |       |       |       |     1 ||     1
       Pizza             |       |       |       |     1 ||     1

Action                   |  1- 3 |  4- 6 |  7- 9 | 10-12 || total
-------------------------+-------+-------+-------+-------++-------
Melee: Hand axe          |    84 |    84 |       |       ||   168
       War axe           |       |       |   427 |   273 ||   700
 Fire: Blowgun           |       |       |    15 |       ||    15
Throw: Tomahawk          |       |       |       |     1 ||     1
Invok: Berserk           |     1 |     2 |     7 |    10 ||    20
       Brothers in Arms  |       |       |     1 |       ||     1
Evoke: Wand              |       |       |     1 |     3 ||     4
  Use: Scroll            |       |       |    20 |     4 ||    24
  Eat: Chunk             |     1 |     1 |    10 |     2 ||    14
       Royal jelly       |       |     1 |     1 |       ||     2
       Beef jerky        |       |     1 |     1 |     1 ||     3
       Meat ration       |       |       |     1 |       ||     1
       Fruit             |       |       |       |     9 ||     9
       Bread ration      |       |       |       |     1 ||     1
       Pizza             |       |       |       |     1 ||     1

Action                   |  1- 3 |  4- 6 |  7- 9 | 10-12 || total
-------------------------+-------+-------+-------+-------++-------
Melee: Hand axe          |    84 |    84 |       |       ||   168
       War axe           |       |       |   427 |   273 ||   700
 Fire: Blowgun           |       |       |    15 |       ||    15
Throw: Tomahawk          |       |       |       |     1 ||     1
Invok: Berserk           |     1 |     2 |     7 |    10 ||    20
       Brothers in Arms  |       |       |     1 |       ||     1
Evoke: Wand              |       |       |     1 |     3 ||     4
  Use: Scroll            |       |       |    20 |     4 ||    24
  Eat: Chunk             |     1 |     1 |    10 |     2 ||    14
       Royal jelly       |       |     1 |     1 |       ||     2
       Beef jerky        |       |     1 |     1 |     1 ||     3
       Meat ration       |       |       |     1 |       ||     1
       Fruit             |       |       |       |     9 ||     9
       Bread ration      |       |       |       |     1 ||     1
       Pizza             |       |       |       |     1 ||     1
